 Dungeon Crawl Stone Soup version 0.21-a0-404-g291f19a (webtiles) character file.

1120 wisey the Grappler (level 8, -6/75 HPs)
             Began as a Troll Monk on Oct 26, 2017.
             Was a Priest of Wu Jian.
             Shot with an arrow by a centaur (12 damage)
             ... on level 7 of the Dungeon.
             The game lasted 00:21:51 (4407 turns).

wisey the Grappler (Troll Monk)                     Turns: 4407, Time: 00:21:52

Health: -6/75      AC:  5    Str: 21 (22) XL:     8   Next: 12%
Magic:  7/7        EV: 11    Int: 10      God:    Wu Jian [***...]
Gold:   291        SH:  0    Dex: 10 (12) Spells: 4/7 levels left

rFire    x . .     SeeInvis .     - Unarmed
rCold    + . .     Gourm    +   (no shield)
rNeg     . . .     Faith    .   a - +0 robe
rPois    .         Spirit   .   (helmet restricted)
rElec    .         Reflect  .   t - scarf "Pasam" {MR+}
rCorr    .         Harm     .   (gloves unavailable)
MR       +....                  (boots unavailable)
Stlth    +.........             (no amulet)
HPRegen  0.62/turn              e - ring of ice
MPRegen  0.10/turn              l - +4 ring of intelligence

@: no status effects
A: unfitting armour, claws 3, fast metabolism 3, gourmand, regeneration 1,
shaggy fur 1, tough skin 2
a: Renounce Religion


You were on level 7 of the Dungeon.
You worshipped Wu Jian.
Wu Jian was most pleased with you.
You were not hungry.

You visited 1 branch of the dungeon, and saw 7 of its levels.

You collected 291 gold pieces.

Inventory:

Armour
 a - a +0 robe (worn)
 o - a scarf of resistance
 t - the scarf "Pasam" (worn) {MR+}
   (You found it on level 4 of the Dungeon)

   It affects your resistance to hostile enchantments.
Jewellery
 e - a ring of ice (left claw)
 i - an uncursed ring of ice
 l - a +4 ring of intelligence (right claw)
Wands
 B - a wand of paralysis (11/24)
 C - a wand of random effects (22/48)
Scrolls
 d - 4 scrolls of remove curse
 g - a scroll of acquirement {unknown}
 j - a scroll of amnesia
 m - 5 scrolls of identify
 n - 6 scrolls of recharging
 p - a scroll of silence {unknown}
 r - 2 scrolls of teleportation
 x - a scroll of fog
 A - a scroll of magic mapping
Potions
 h - a potion of heal wounds
 q - 2 potions of curing
 s - a potion of cancellation
 u - a potion of magic
 v - a potion of degeneration
Books
 w - a book of Cantrips

   Spells                             Type                      Level
   a - Confusing Touch                Hexes                        1
   b - Animate Skeleton               Necromancy                   1
   c - Summon Small Mammal            Summoning                    1
   d - Apportation                    Translocation                1
 F - a book of Air

   Spells                             Type                      Level
   a - Shock                          Conjuration/Air              1
   b - Swiftness                      Charms/Air                   2
   c - Static Discharge               Conjuration/Air              3
   d - Airstrike                      Air                          4
   e - Lightning Bolt                 Conjuration/Air              5
Comestibles
 b - 4 bread rations
 c - 4 fruits
 f - 3 royal jellies
 k - a meat ration


   Skills:
 + Level 3.1 Fighting
 + Level 3.9 Dodging
 - Level 1.0 Stealth
 * Level 9.0 Unarmed Combat


You had 4 spell levels left.
You knew the following spells:

 Your Spells              Type           Power        Failure   Level  Hunger
a - Swiftness             Chrm/Air       #.......     50%         2    ###....
b - Apportation           Tloc           #.....       36%         1    ##.....


Dungeon Overview and Level Annotations

Branches:
Dungeon (7/15)             Temple (0/1) D:5

Altars:
Elyvilon
Makhleb
Trog
Uskayaw
Wu Jian
Xom
Yredelemnul

Shops:
D:4 %


Innate Abilities, Weirdness & Mutations

You are too large for most types of armour.
You have claws for hands.
Your metabolism is lightning-fast.
You like to eat raw meat.
Your natural rate of healing is unusually fast.
You are covered in fur. (AC +1)
You have very tough skin. (AC +2)


Message History

* * * LOW HITPOINT WARNING * * *
The centaur misses you.
Unknown command.
You claw the hungry ghost!
You destroy the hungry ghost!
The Council accepts your kill.
You feel your strength returning.
Your Unarmed Combat skill increases to level 9!
You have reached level 8!
The centaur hits you.
* * * LOW HITPOINT WARNING * * *
The water moccasin bites you.
* * * LOW HITPOINT WARNING * * *
You closely miss the water moccasin.
The centaur hits you but does no damage.
The water moccasin bites you.
* * * LOW HITPOINT WARNING * * *
The centaur wields an uncursed shortbow.
The centaur shoots an arrow.
The arrow hits you!
You die...

#..... ...# ###.# #.....
...# #.... #.....# #...
#.#.# #..... ... #.#.#
#..... .. #.#.#
#.....###.#+########.#.#
#.....S|#<#........#.#..
#....(..##..........)..
#...c.@......####.#..##
#.......(###.##...#..##
#....#+#.# #[.....##.##
#.... #.# #....).##.##
##### #......_..###.##
#####.....# #.## #.....#
#.## #.......#...
...#####.#


You could see a water moccasin and a centaur.

Vanquished Creatures
  A hungry ghost (D:7)
  A phantom (D:7)
  A sky beast (D:5)
  A bullfrog (D:7)
  A scorpion (D:6)
  A howler monkey (D:5)
  A crimson imp (D:6)
  A bullfrog zombie (D:5)
  2 hounds
  A jelly (D:5)
  An orc priest (D:5)
  2 bullfrog skeletons (D:5)
  An iguana (D:5)
  2 worker ants (D:5)
  3 orc wizards
  A hound zombie (D:5)
  A worker ant zombie (D:3)
  A gnoll (D:1)
  11 adders
  A shadow imp (D:7)
  3 worms
  2 dart slugs (D:2)
  A leopard gecko (D:3)
  17 orcs
  6 giant cockroaches
  9 goblins
  9 hobgoblins
  10 kobolds
  5 quokkas
  A ball python (D:1)
  11 bats
  9 frilled lizards
  A jackal skeleton (D:7)
  A quokka zombie (D:6)
  10 rats
130 creatures vanquished.

Notes
Turn   | Place    | Note
-------+----------+-------------------------------------------
     0 | D:1      | wisey the Troll Monk began the quest for the Orb.
     0 | D:1      | Reached XP level 1. HP: 22/22 MP: 0/0
   129 | D:1      | Reached XP level 2. HP: 29/29 MP: 1/1
   130 | D:1      | You fall through a shaft!
   380 | D:1      | Reached XP level 3. HP: 36/36 MP: 2/2
   796 | D:2      | Reached skill level 4 in Unarmed Combat
   917 | D:2      | Reached XP level 4. HP: 44/44 MP: 3/3
  1543 | D:3      | Reached skill level 5 in Unarmed Combat
  1676 | D:3      | Reached XP level 5. HP: 50/50 MP: 4/4
  2230 | D:4      | Reached XP level 6. HP: 47/59 MP: 5/5
  2233 | D:4      | Reached skill level 6 in Unarmed Combat
  2235 | D:4      | Found a basalt altar of Yredelemnul.
  2248 | D:4      | Found a white marble altar of Elyvilon.
  2249 | D:4      | Found a shimmering altar of Xom.
  2256 | D:4      | Got a slimy scarf
  2267 | D:4      | Identified the scarf "Pasam" {MR+} (You found it on level 4 of the Dungeon)
  2573 | D:4      | Found Qeutueth's Food Shop.
  2633 | D:4      | Found an ornate altar of the Wu Jian Council.
  2669 | D:4      | Became a worshipper of the Wu Jian Council
  2669 | D:4      | Reached * piety under Wu Jian
  2669 | D:4      | Reached ** piety under Wu Jian
  2735 | D:5      | Entered Level 5 of the Dungeon
  3055 | D:5      | Found a staircase to the Ecumenical Temple.
  3089 | D:5      | Learned a level 2 spell: Swiftness
  3184 | D:5      | Noticed a sky beast
  3197 | D:5      | Killed a sky beast
  3197 | D:5      | Reached skill level 7 in Unarmed Combat
  3197 | D:5      | Reached XP level 7. HP: 30/67 MP: 6/6
  3754 | D:6      | Learned a level 2 spell: Swiftness
  3913 | D:6      | Found a bloodstained altar of Trog.
  3951 | D:6      | Reached skill level 8 in Unarmed Combat
  4107 | D:6      | Found a burning altar of Makhleb.
  4249 | D:6      | Learned a level 1 spell: Apportation
  4370 | D:7      | Reached *** piety under Wu Jian
  4380 | D:7      | Found a hide-covered altar of Uskayaw.
  4395 | D:7      | Noticed a hungry ghost
  4405 | D:7      | Killed a hungry ghost
  4405 | D:7      | Reached skill level 9 in Unarmed Combat
  4405 | D:7      | Reached XP level 8. HP: 18/75 MP: 7/7
  4407 | D:7      | Shot with an arrow by a centaur

Vault maps used:
D:1:      saegor_arrival_simple_c
D:2:      first_bread
D:3:      kennysheep_generic_room_16
D:4:      minitemple, marbit_many_paths, serial_shops, nicolae_shop_behind_doors
D:5:      minmay_temple_entry_overgrown
D:6:      basic_altar, st_stairs_11, trog_three_pillars_becter
D:7:      basic_altar, the_bakery, grunt_decor_clamped

Skill      XL: |  1  2  3  4  5  6  7 |
---------------+----------------------+-----
Unarmed Combat | 4 5 7 9 |  9.0
Dodging        | 3 |  3.9
Fighting       | 3 |  3.1
Stealth        | |  1.0

Action                   |  1- 3 |  4- 6 |  7- 9 || total
-------------------------+-------+-------+-------++-------
Melee: Unarmed           |   132 |   222 |   100 ||   454
       Punch             |     2 |     3 |     1 ||     6
  Use: Potion            |       |       |    10 ||    10
       Scroll            |       |       |     9 ||     9
 Stab: Sleeping          |     1 |     3 |       ||     4
  Eat: Chunk             |    11 |    24 |     8 ||    43
Armor: Robe              |    61 |    49 |    17 ||   127
       Skin              |       |       |     1 ||     1
Dodge: Dodged            |    92 |    94 |    49 ||   235

Table legend:
 A = Spawn XP
 B = Non-spawn XP
 C = Spawn XP percentage of total XP
 D = Spawn monster count
 E = Non-spawn monster count
 F = Spawn count percentage of total count
 G = Total turns spent on level
                    A         B        C        D         E        F      G
               +---------+---------+-------+---------+---------+-------+---------
         Total |       0 |    1600 |   0.0 |       0 |     130 |   0.0 |  4407
               +---------+---------+-------+---------+---------+-------+---------
           D:1 |       0 |      57 |   0.0 |       0 |      29 |   0.0 |   727
           D:2 |       0 |      77 |   0.0 |       0 |      23 |   0.0 |   534
           D:3 |       0 |     139 |   0.0 |       0 |      29 |   0.0 |   755
           D:4 |       0 |     135 |   0.0 |       0 |      12 |   0.0 |   719
           D:5 |       0 |     536 |   0.0 |       0 |      16 |   0.0 |   936
           D:6 |       0 |     221 |   0.0 |       0 |      14 |   0.0 |   589
           D:7 |       0 |     435 |   0.0 |       0 |       7 |   0.0 |   147
               +---------+---------+-------+---------+---------+-------+---------
